 Dungeon Crawl Stone Soup version 0.29-a0-824-gd827844252 (webtiles) character file.

Game seed: 7639546843315254384

95 LynnLen the Sneak (level 4, 0/24 HPs)
             Began as a Vampire Enchanter on July 10, 2022.
             Slain by a worm (8 damage)
             ... on level 3 of the Dungeon.
             The game lasted 00:08:02 (2580 turns).

LynnLen the Sneak (Vampire Enchanter)               Turns: 2580, Time: 00:08:03

Health: 0/24       AC:  5    Str:  7    XL:     4   Next: 40%
Magic:  7/7        EV: 12    Int: 19    God:
Gold:   136        SH:  0    Dex: 14    Spells: 4/7 levels left

rFire   . . .      SeeInvis +   a - +1 dagger
rCold   + + .      Faith    .   (no shield)
rNeg    + + +      Spirit   .   b - +0 robe
rPois   ∞          Reflect  .   (no helmet)
rElec   .          Harm     .   (no cloak)
rCorr   .          Rampage  .   d - +0 pair of gloves
Will    .....                   f - +1 pair of boots
Stlth   +++++.....              (no amulet)
HPRegen 0.00/turn               (no ring)
MPRegen 0.10/turn               (no ring)

@: bloodless, inhibited regen
A: bloodless, fangs 3, see invisible, vampiric 2
a: Bat Form, Revivify


You were on level 3 of the Dungeon.
You visited 1 branch of the dungeon, and saw 3 of its levels.

You collected 136 gold pieces.

Inventory:

Hand Weapons
 a - a +1 dagger (weapon)
Armour
 b - a +0 robe (worn)
 d - a +0 pair of gloves (worn)
 f - a +1 pair of boots (worn)
Potions
 c - a potion of invisibility
 e - 2 potions of heal wounds {unknown}
 g - a potion of ambrosia
 i - a potion of magic {unknown}


   Skills:
 * Level 2.9 Short Blades
 + Level 2.7 Dodging
 + Level 6.3 Stealth
 + Level 2.1 Spellcasting
 - Level 4.4 Hexes


You had 4 spell levels left.
You knew the following spells:

 Your Spells              Type           Power      Damage    Failure   Level
a - Confusing Touch       Hex            18%        N/A       9%          3

Your spell library contained the following spells:

 Spells                   Type           Power      Damage    Failure   Level
 Tukima's Dance           Hex            18%        N/A       9%          3
 Ensorcelled Hibernation  Hex/Ice        20%        N/A       11%         2
 Dazzling Flash           Conj/Hex       20%        N/A       21%         3


Dungeon Overview and Level Annotations

Branches:
Dungeon (3/15)

Altars:

Annotations:
D:3 2 runed translucent doors


Innate Abilities, Weirdness & Mutations

You do not regenerate when monsters are visible.
You are frail without blood (-20% HP).
You can heal yourself when you bite living creatures.
You are immune to poison.
You have razor-sharp teeth.
You have supernaturally acute eyesight. (SInv)
You are afflicted with vampirism and can become a bat while bloodless.


Message History

Things that are here:
a jackal corpse; a jackal corpse; a ball python corpse
There is an open door here.
You barely miss the giant cockroach.
The giant cockroach bites you but does no damage.
You completely miss the giant cockroach.
The giant cockroach barely misses you.
You hit the giant cockroach.
The giant cockroach is heavily wounded.
The giant cockroach closely misses you.
You barely miss the giant cockroach.
The giant cockroach is heavily wounded.
The giant cockroach closely misses you.
You hit the giant cockroach.
The giant cockroach is severely wounded.
The giant cockroach misses you.
You hit the giant cockroach.
You kill the giant cockroach!
Found a book of the Hunter and a scroll labelled FAKLUO QIKKYGH.
Found a stone staircase leading down.
You hit the worm.
The worm is lightly wounded.
The worm bites you.
You barely miss the worm.
The worm is lightly wounded.
You hit the worm but do no damage.
The worm is lightly wounded.
The worm bites you!
You hit the worm.
The worm is lightly wounded.
You hit the worm.
The worm is moderately wounded.
The worm bites you but does no damage.
You hit the worm.
The worm is moderately wounded.
You hit the worm. You punch the worm, but do no damage.
Your bite misses the worm.
The worm is moderately wounded.
The worm bites you!
You die...

#..# .... #..####++
#######........ #
#####.............. #
#.................. #
#.................. #
#..÷.......$..!.... #
#.................. #
#........##@...#.#.
######........##w.......
'....'........###...#.#>
######........# .......
# #...........# ......:
# #.#.######'## ?......
#.#.# #†# .##.###
###.#.######.## .. .#
#<....#.......#


You could see a worm.

Vanquished Creatures
  An adder (D:3)
  3 worms
  2 dart slugs
  8 ball pythons
  6 endoplasms
  3 giant cockroaches
  7 goblins
  6 hobgoblins
  8 jackals
  3 quokkas (D:1)
  5 bats
  6 frilled lizards
  3 kobolds
  6 rats
67 creatures vanquished.

Notes
Turn   | Place    | Note
-------+----------+-------------------------------------------
     0 | D:1      | LynnLen the Vampire Enchanter began the quest for the Orb.
     0 | D:1      | Reached XP level 1. HP: 13/13 MP: 3/3
   104 | D:1      | Reached XP level 2. HP: 7/15 MP: 5/5
   273 | D:1      | Reached skill level 5 in Stealth
   744 | D:1      | Gained mutation: You are afflicted with vampirism and can
                  | become a bat while bloodless. [Vampire growth]
   744 | D:1      | Reached XP level 3. HP: 19/19 MP: 6/6
  1447 | D:2      | Found a faded altar of an unknown god.
  1467 | D:2      | Reached skill level 6 in Stealth
  1677 | D:2      | Learned a level 3 spell: Confusing Touch
  1984 | D:2      | Reached XP level 4. HP: 23/24 MP: 7/7
  2470 | D:3      | Found a large runed translucent door.
  2572 | D:3      | Found a large runed translucent door.
  2580 | D:3      | Slain by a worm

Illustrated notes

Levels and vault maps discovered:
D:1:      dpeg_arrival_oval, layout_rooms, hex_large, grunt_decor_fettered
D:2:      layout_rooms, chequers_ecumenical_altar_simple_redux,
          serial_co_window_serial, co_window_corner_a, co_window_corner_a,
          co_window_of_opportunity_a, co_window_corner_a, co_window_corner_a,
          co_window_paths_c, co_window_corner_ca, co_window_of_opportunity_b,
          co_window_paths_e, glass_columns_a, glass_columns_a, glass_columns_c
D:3:      layout_basic, ebering_ghost_disaster_area, hex_intersection,
          st_stairs_2, minmay_surrounded

Skill      XL: |  1  2  3 |
---------------+----------+-----
Stealth        | 5 6 |  6.3
Short Blades   | 2 |  2.9
Dodging        | |  2.7
Spellcasting   | |  2.1
Hexes          | |  4.4

Action                   |  1- 3 |  4- 6 || total
-------------------------+-------+-------++-------
Melee: Dagger            |   138 |    63 ||   201
       Bite              |     8 |     8 ||    16
       Punch             |       |     1 ||     1
 Abil: Exsanguinate      |     1 |       ||     1
  Use: Potion            |     1 |       ||     1
       Scroll            |     3 |       ||     3
 Stab: Sleeping          |    23 |     3 ||    26
Armor: Robe              |    26 |    18 ||    44
Dodge: Dodged            |    79 |    47 ||   126

Table legend: (Time is in decaauts)
 A = Elapsed time spent in this place.
 B = Non-inter-level travel time spent in this place.
 C = Inter-level travel time spent in this place.
 D = Time resting spent in this place.
 E = Time spent auto-exploring this place.
 F = Levels seen in this place.
 G = Mean time per level.
                   A        B        C        D        E       F      G
               +--------+--------+--------+--------+--------+-----+--------+
         Total |   2557 |   2557 |      0 |    568 |   1190 |   3 |  852.3 |
       Dungeon |   2557 |   2557 |      0 |    568 |   1190 |   3 |  852.3 |
               +--------+--------+--------+--------+--------+-----+--------+

Top non-repeatable levels by time:
     D:1: 1167 daAuts
     D:2: 942 daAuts
     D:3: 447 daAuts
